 Dungeon Crawl Stone Soup version 0.31.0-10-gcf4a605ca0 (webtiles) character file.

Game seed: 6759951882004606464

5103 Pooter the Cleaver (level 10, -12/90 HPs)
             Began as a Minotaur Berserker on Jan 25, 2024.
             Was a Priest of Trog.
             Mangled by Erica
             ... wielding a +2 scimitar of flaming
              (18 damage)
             ... on level 8 of the Dungeon on Jan 26, 2024.
             The game lasted 00:40:58 (8061 turns).

Pooter the Cleaver (Minotaur Berserker)             Turns: 8061, Time: 00:40:59

Health: -12/90     AC: 16    Str: 24    XL:     10   Next: 32%
Magic:  9/9        EV:  5    Int:  6    God:    Trog [***...]
Gold:   777        SH:  8    Dex: 10    Spells: 9/9 levels left

rFire   + . .        a - +0 war axe (heavy)
rCold   . . .        A - +0 buckler
rNeg    . . .        z - +2 chain mail
rPois   .            G - +1 hat
rElec   .            (no cloak)
rCorr   .            h - +0 pair of gloves
SInv    .            y - +2 pair of boots of Gyiseloq {rF+}
Will    ++...        p - amulet of reflection Stlth
                     (no ring)
HPRegen 1.35/turn    (no ring)
MPRegen 0.11/turn

%: reflection
@: lethally poisoned (-12 -> -12), strong-willed, on berserk cooldown,
regenerating, slowed, constricted, very slow
A: horns 2, retaliatory headbutt
a: Renounce Religion, Berserk, Trog's Hand


You were on level 8 of the Dungeon.
You worshipped Trog.
Trog was most pleased with you.
You visited 1 branch of the dungeon, and saw 10 of its levels.

You collected 777 gold pieces.

Inventory:

Hand Weapons
 a - a +0 heavy war axe (weapon)
   (You found it on level 3 of the Dungeon)
 b - a +0 sling
   (You took it off a goblin on level 2 of the Dungeon)
 i - a +0 orcbow
   (You took it off an orc warrior on level 8 of the Dungeon)
 n - a +0 halberd
   (You took it off a gnoll on level 3 of the Dungeon)
 v - a +0 trident of venom
   (You found it on level 4 of the Dungeon)
 C - a +5 trident of draining
   (You took it off Jeremiah on level 6 of the Dungeon)
 H - a +0 morningstar of draining
   (You took it off Maggie on level 8 of the Dungeon)
Missiles
 s - 8 boomerangs (quivered)
 E - 12 poisoned darts
 Q - 65 stones
Armour
 h - a +0 pair of gloves (worn)
   (You found it on level 1 of the Dungeon)
 m - a +0 plate armour
   (You took it off an orc warrior on level 8 of the Dungeon)
 y - the +2 pair of boots of Gyiseloq (worn) {rF+}
   (You found it on level 5 of the Dungeon)

   rF+:       It protects you from fire.
 z - a +2 chain mail (worn)
   (You found it on level 5 of the Dungeon)
 A - a +0 buckler (worn)
   (You found it on level 6 of the Dungeon)
 G - a +1 hat (worn)
   (You found it on level 5 of the Dungeon)
Jewellery
 p - an amulet of reflection (around neck)
   (You took it off an orc on level 8 of the Dungeon)
Wands
 d - a wand of iceblast (6)
   (You took it off an orc on level 7 of the Dungeon)
 x - a wand of acid (8)
   (You found it on level 7 of the Dungeon)
Scrolls
 k - 2 scrolls of immolation {!r}
 q - 2 scrolls of blinking
 t - 4 scrolls of teleportation {@r4}
Potions
 c - 3 potions of lignification {!q}
 e - a potion of might {unknown}
 g - 2 potions of mutation {unknown}
 j - a potion of haste {unknown}
 l - 3 potions of curing {@q1}
 o - 3 potions of heal wounds {unknown}
 r - 2 potions of enlightenment {unknown}
 u - a potion of brilliance {unknown}
 w - 2 potions of degeneration {unknown}
 B - a potion of attraction {unknown}


   Skills:
 + Level 8.5 Fighting
 * Level 11.5(11.8) Axes
 - Level 3.5(8.2) Polearms
 * Level 9.7 Ranged Weapons
 - Level 2.4 Armour
 - Level 2.1 Dodging
 - Level 3.8 Stealth
 + Level 0.3 Shields


You had 9 spell levels left.
You didn't know any spells.
Your spell library was empty.

Dungeon Overview and Level Annotations

Branches:
Dungeon (10/15) Zot: 26154  Temple (0/1) D:4
   Lair: D:8-11         Orc: D:9-12

Altars:
Fedhas
Vehumet
Yredelemnul

Annotations:
D:8 Erica


Innate Abilities, Weirdness & Mutations

You have a pair of horns on your head.
You reflexively headbutt those who attack you in melee.


Message History

Something hits you.
* * * LOW HITPOINT WARNING * * *
You are constricted.
* * * LOW HITPOINT WARNING * * *
You closely miss something. Your headbutt misses something. Something hits you.
* * * LOW HITPOINT WARNING * * *
You are constricted.
* * * LOW HITPOINT WARNING * * *
Something hits you but does no damage.
You are constricted.
* * * LOW HITPOINT WARNING * * *
Something hits you but does no damage.
You are constricted.
You completely miss something. Your headbutt misses something.
You hear some strange, mumbled words.
A bolt of poison appears from out of thin air!
The bolt of poison hits you.
You are poisoned.
* * * LOW HITPOINT WARNING * * *
You are constricted.
* * * LOW HITPOINT WARNING * * *
Something hits you.
* * * LOW HITPOINT WARNING * * *
You are constricted.
You completely miss something.
You feel extremely sick. Something hits you.
* * * LOW HITPOINT WARNING * * *
You are constricted.
Something hits you.
* * * LOW HITPOINT WARNING * * *
You are constricted.
* * * LOW HITPOINT WARNING * * *
You completely miss something. Your headbutt misses something.
You feel very sick. You block something's attack.
You are constricted.
* * * LOW HITPOINT WARNING * * *
Something hits you.
* * * LOW HITPOINT WARNING * * *
Something burns you.
* * * LOW HITPOINT WARNING * * *
You are constricted.
* * * LOW HITPOINT WARNING * * *
Unknown command.
You hit something.
You feel very sick. Something completely misses you.
You are constricted.
Something hits you!!
You die...

. ♣♣♣ #(
#.####<♣♣♣ #.#
#....[..♣♣
.(###.#...#.#
#.#........#
#.#.#...#.#
#.{.......######.#
###@##.#.........#
#.##....########
#†##.##.#
#.......#
####.####
#######.# ####
#.......# #...
#.#####.# ###...
#.# #.# ###.....


There were no monsters in sight!

Vanquished Creatures
  Pikel (D:5)
  Joseph (D:7)
  Maggie (D:8)
  Jeremiah (D:6)
  A vampire (D:8)
  A wyvern (D:8)
  The ghost of Splishie the Ruffian, an amateur DrSh (D:4)
  Menkaure (D:7)
  A water moccasin (D:7)
  An acid dragon (D:8)
  Duvessa (D:7)
  A sky beast (D:8)
  2 ice beasts
  An orc warrior (D:8)
  3 ogres
  4 phantoms (D:6)
  A centaur (D:7)
  A kobold brigand (D:6)
  4 bullfrogs
  8 scorpions
  A water moccasin zombie (D:4)
  Dowan (D:7)
  3 howler monkeys (D:7)
  5 jellies
  2 bombardier beetles
  2 hounds
  3 orc priests
  2 sleepcaps
  An iguana (D:6)
  A scorpion zombie (D:4)
  6 orc wizards
  Robin (D:2)
  10 adders
  3 gnolls (D:3)
  A shadow imp (D:6)
  4 white imps
  4 ufetubi (D:6)
  A ribbon worm (D:5)
  5 dart slugs
  20 orcs
  10 ball pythons
  6 endoplasms
  3 giant cockroaches
  10 goblins
  14 hobgoblins
  4 jackals
  5 quokkas
  4 bats
  3 frilled lizards
  10 kobolds
  7 rats
188 creatures vanquished.

Notes
Turn   | Place    | Note
-------+----------+-------------------------------------------
     0 | D:1      | Pooter the Minotaur Berserker began the quest for the Orb.
     0 | D:1      | Reached XP level 1. HP: 19/19 MP: 0/0
   218 | D:1      | Reached skill level 4 in Axes
   218 | D:1      | Reached XP level 2. HP: 27/27 MP: 1/1
   250 | D:1      | Reached skill level 1 in Stealth
   825 | D:2      | Noticed Robin
   828 | D:2      | Reached XP level 3. HP: 30/33 MP: 2/2
   840 | D:2      | Killed Robin
   967 | D:2      | Reached ** piety under Trog
  1081 | D:2      | Reached XP level 4. HP: 40/40 MP: 3/3
  1160 | D:2      | Reached skill level 1 in Ranged Weapons
  1738 | D:3      | Reached skill level 5 in Axes
  1962 | D:3      | Reached XP level 5. HP: 47/47 MP: 4/4
  2381 | D:4      | Reached *** piety under Trog
  2519 | D:4      | Found a runed translucent gate.
  2519 | D:4      | Found a runed translucent gate.
  2519 | D:4      | Found a runed translucent gate.
  2519 | D:4      | Noticed Splishie's ghost (amateur DrSh)
  2534 | D:4      | Reached XP level 6. HP: 31/55 MP: 5/5
  2816 | D:4      | Found a basalt altar of Yredelemnul.
  2826 | D:4      | Killed Splishie's ghost
  2827 | D:4      | Reached skill level 5 in Fighting
  2827 | D:4      | Reached skill level 6 in Axes
  3092 | D:4      | Found a staircase to the Ecumenical Temple.
  3100 | D:4      | Reached XP level 7. HP: 57/61 MP: 6/6
  3238 | D:5      | Entered Level 5 of the Dungeon
  3323 | D:5      | Noticed Pikel
  3334 | D:5      | Killed Pikel
  3335 | D:5      | Reached skill level 7 in Axes
  3335 | D:5      | Reached skill level 5 in Ranged Weapons
  3335 | D:5      | Reached XP level 8. HP: 70/70 MP: 7/7
  3598 | D:5      | Found a blossoming altar of Fedhas.
  3752 | D:5      | Identified the +2 pair of boots of Gyiseloq {rF+}
  4084 | D:4      | Reached skill level 8 in Axes
  4609 | D:6      | Reached skill level 9 in Axes
  4674 | D:6      | Reached XP level 9. HP: 78/78 MP: 8/8
  5106 | D:6      | Noticed Jeremiah
  5147 | D:6      | Killed Jeremiah
  5420 | D:6      | Reached skill level 10 in Axes
  5894 | D:7      | Noticed Duvessa
  5894 | D:7      | Noticed Dowan
  5915 | D:6      | Reached skill level 1 in Polearms
  5980 | D:7      | Killed Duvessa
  5991 | D:7      | Killed Dowan
  6080 | D:7      | Noticed Menkaure
  6089 | D:7      | Killed Menkaure
  6212 | D:7      | Noticed Joseph
  6245 | D:7      | Killed Joseph
  6345 | D:7      | Reached skill level 11 in Axes
  6345 | D:7      | Reached XP level 10. HP: 88/88 MP: 9/9
  6792 | D:8      | Noticed Maggie
  6796 | D:8      | Killed Maggie
  6986 | D:8      | Found a radiant altar of Vehumet.
  7210 | D:8      | You fall into a shaft and drop 2 floors!
  7210 | D:10     | Entered Level 10 of the Dungeon
  8029 | D:8      | Reached **** piety under Trog
  8033 | D:8      | Noticed Erica
  8061 | D:8      | Mangled by Erica

Illustrated notes

Levels and vault maps discovered:
D:1:      noname_arrival_rooms_in_the_neighbourhood, layout_loops_ring,
          glass_columns_b
D:2:      layout_basic, serial_curves, eino_curves_04, eino_curves_04,
          uniq_robin
D:3:      layout_basic, st_stairs_3
D:4:      layout_basic, nicolae_yredelemnul_ghost_church,
          minmay_temple_entry_trees
D:5:      layout_basic, mainiacjoe_overflow_concentric_impassable, uniq_pikel
D:6:      minmay_polygon_palace, layout_layer_cave, hangedman_decor_opposing,
          uniq_jeremiah
D:7:      layout_loops_ring, corexii_corridor_pit, uniq_menkaure, uniq_joseph,
          uniq_duvessa
D:8:      layout_loops_corners, mainiacjoe_overflow_catwalk,
          introduction_to_nature_2, uniq_erica, uniq_maggie
D:9:      layout_rooms
D:10:     layout_basic, serial_shops, shop

Skill      XL: |  1  2  3  4  5  6  7  8  9 |
---------------+----------------------------+-----
Axes           | 4 5 6 7 9 11 | 11.5
Stealth        | 1 2 3 |  3.8
Fighting       | 4 5 6 8 |  8.5
Ranged Weapons | 1 3 5 7 9 |  9.7
Polearms       | 3 |  3.5
Armour         | |  2.4
Dodging        | |  2.1
Shields        | |  0.3

Action                     |  1- 3 |  4- 6 |  7- 9 | 10-12 || total
---------------------------+-------+-------+-------+-------++-------
  Melee: Hand axe          |    73 |    15 |       |       ||    88
         Headbutt          |     8 |    10 |    25 |     8 ||    51
         Punch             |       |     1 |     2 |       ||     3
         War axe           |       |    65 |   141 |    41 ||   247
         Trident           |       |       |   100 |    29 ||   129
   Fire: Sling             |    12 |    80 |    22 |    15 ||   129
  Throw: Boomerang         |       |       |    12 |     3 ||    15
         Dart              |       |       |     5 |     2 ||     7
 Invoke: Berserk           |       |     2 |     6 |     3 ||    11
         Trog's Hand       |       |     2 |     6 |     2 ||    10
  Evoke: Wand              |       |       |       |     4 ||     4
    Use: Scroll            |       |     4 |     4 |     9 ||    17
         Potion            |       |       |       |     1 ||     1
   Stab: Sleeping          |     1 |       |     1 |       ||     2
 Armour: Animal skin       |     5 |       |       |       ||     5
         Ring mail         |    42 |    61 |    19 |       ||   122
         Chain mail        |       |       |   172 |    50 ||   222
  Dodge: Dodged            |    54 |    57 |    84 |    23 ||   218
  Block: Buckler           |       |       |    10 |    10 ||    20
